 Dungeon Crawl Stone Soup version 0.24.0-123-gd5b16e6ec5 (webtiles) character file.

Game seed: 12344471915724314875, levelgen mode: deterministic

6834 Emblim88 the Schismatic (level 10, -4/77 HPs)
             Began as a Demonspawn Abyssal Knight on Jan 6, 2020.
             Was an Elder of Lugonu.
             Slain by a spectral orc knight
             ... wielding a +0 long sword
             ... summoned by Nergalle
              (6 damage)
             ... on level 10 of the Dungeon.
             The game lasted 00:39:53 (14587 turns).

Emblim88 the Schismatic (DsAK)                     Turns: 14587, Time: 00:39:54

Health: -4/77      AC: 13    Str: 15    XL:     10   Next: 77%
Magic:  0/16       EV: 16    Int: 13    God:    Lugonu [****..]
Gold:   584        SH:  4    Dex: 14    Spells: 8/16 levels left

rFire    + . .     SeeInvis .   B - +0 war axe
rCold    + . .     Gourm    .   i - +0 buckler
rNeg     + . .     Faith    .   A - +0 steam dragon scales
rPois    +         Spirit   +   (no helmet)
rElec    +         Reflect  .   y - scarf {repulsion}
rCorr    +         Harm     .   (no gloves)
MR       .....                  o - +1 pair of boots
Stlth    +++.......             j - amulet of guardian spirit
HPRegen  0.22/turn              f - +2 ring of evasion
MPRegen  0.15/turn              D - +2 ring of protection

@: resistant, hasted, drained, repel missiles, very quick
A: hooves 2, slimy green scales 2, demonic guardian 1, negative energy
resistance 1, nightstalker 2
a: Depart the Abyss, Bend Space, Banish, Corrupt, Renounce Religion


You were on level 10 of the Dungeon.
You worshipped Lugonu.
Lugonu was greatly pleased with you.
You were not hungry.

You visited 1 branch of the dungeon, and saw 10 of its levels.
You visited the Abyss 1 time.

You collected 716 gold pieces.
You spent 132 gold pieces at shops.

Inventory:

Hand Weapons
 p - a +0 long sword of electrocution
 q - a -1 hunting sling
 B - a +0 war axe (weapon)
Missiles
 m - 55 poisoned darts (quivered)
 r - 245 stones
Armour
 i - a +0 buckler (worn)
 o - a +1 pair of boots (worn)
 y - a scarf of repulsion (worn)
 A - +0 steam dragon scales (worn)
Jewellery
 f - a +2 ring of evasion (left hand)
 j - an amulet of guardian spirit (around neck)
 k - an uncursed ring of fire
 D - a +2 ring of protection (right hand)
Wands
 n - a wand of paralysis (13)
 x - a wand of random effects (16)
 z - a wand of clouds (1)
 E - a wand of flame (18)
Scrolls
 a - 4 scrolls of enchant weapon {unknown}
 b - 3 scrolls of remove curse
 g - 4 scrolls of teleportation
 h - 3 scrolls of amnesia {unknown}
 t - 5 scrolls of enchant armour
 w - a scroll of fear
Potions
 d - a potion of magic {unknown}
 e - a potion of ambrosia
 l - a potion of cancellation
 s - a potion of brilliance
 u - a potion of resistance
 v - a potion of haste
 C - a potion of flight
 F - a potion of invisibility
Comestibles
 c - 10 rations


   Skills:
 + Level 6.6(5.8) Fighting
 + Level 5.6(4.9) Axes
 + Level 5.4(4.7) Armour
 + Level 5.3(4.5) Dodging
 + Level 2.8(2.1) Shields
 + Level 3.8(3.0) Spellcasting
 + Level 4.3(3.5) Conjurations
 + Level 3.1(2.3) Charms
 + Level 3.0(2.3) Translocations
 + Level 3.8(3.0) Fire Magic
 + Level 8.1(7.3) Invocations
 - Level 1.4(0.7) Evocations


You had 8 spell levels left.
You knew the following spells:

 Your Spells              Type           Power        Failure   Level  Hunger
a - Throw Flame           Conj/Fire      ##....       12%         2    ###....
b - Infusion              Chrm           #...         11%         1    #......
c - Shroud of Golubria    Chrm/Tloc      #.....       17%         2    ###....
d - Mephitic Cloud        Conj/Pois/Air  #.......     47%         3    ###....

Your spell library contained the following spells:

 Spells                   Type           Power        Failure   Level  Hunger
 Magic Dart               Conj           ##..         7%          1    #......
 Flame Tongue             Conj/Fire      ##...        8%          1    #......
 Blink                    Tloc           N/A          17%         2    ###....
 Conjure Flame            Conj/Fire      ##......     22%         3    ###....
 Animate Skeleton         Necr           N/A          28%         1    #......
 Corona                   Hex            #......      28%         1    #......
 Pain                     Necr           #...         28%         1    #......
 Dazzling Spray           Conj/Hex       #.....       38%         3    ###....
 Call Imp                 Summ           #.......     41%         2    ###....
 Ensorcelled Hibernation  Hex/Ice        #.....       41%         2    ###....
 Slow                     Hex            #.......     41%         2    ###....
 Inner Flame              Hex/Fire       #.......     43%         3    ###....
 Regeneration             Chrm/Necr      #.........   47%         3    ###....
 Spectral Weapon          Hex/Chrm       #.......     47%         3    ###....
 Sticky Flame             Conj/Fire      ##......     58%         4    #####..
 Call Canine Familiar     Summ           #.......     65%         3    ###....
 Confuse                  Hex            #.......     65%         3    ###....
 Tukima's Dance           Hex            #.......     65%         3    ###....
 Vampiric Draining        Necr           #.........   65%         3    ###....
 Fireball                 Conj/Fire      ##........   91%         5    ######.
 Animate Dead             Necr           N/A          96%         4    #####..
 Aura of Abjuration       Summ           #.........   100%        5    ######.
 Blade Hands              Tmut           #.........   100%        5    ######.
 Deflect Missiles         Chrm/Air       #.........   100%        6    #######
 Spellforged Servitor     Conj/Summ      #.........   100%        7    #######
 Ignition                 Fire           #.........   100%        8    #######


Dungeon Overview and Level Annotations

Branches:
Dungeon (10/15)            Temple (0/1) D:5            Lair (0/6) D:9
    Orc: D:9-12

Altars:
Okawaru

Shops:
D:7 *

Portals:
Trove: D:10 (show abyssal rune of Zot)

Annotations:
D:10 Nergalle


Innate Abilities, Weirdness & Mutations

You have hoof-like feet.
You are mostly covered in slimy green scales. (AC +3)
A weak demonic guardian rushes to your aid.
You resist negative energy. (rN+)
You are significantly more attuned to the shadows.


Message History

Nergalle points at the spectral orc knight and mumbles some strange words.
The spectral orc knight seems to speed up.
The spectral orc warrior hits you but does no damage.
The spectral orc warrior closely misses your quasit.
You hit Nergalle but do no damage.
Nergalle is almost dead.
You hit the spectral orc knight.
You hit the spectral orc warrior but do no damage.
You barely miss the spectral orc warrior.
The spectral orc knight hits you with a +0 long sword.
* * * LOW HITPOINT WARNING * * *
Your quasit bites the spectral orc warrior but does no damage.
Your quasit claws the spectral orc warrior but does no damage. x2
The spectral orc warrior completely misses your quasit.
You block the spectral orc warrior's attack.
The spectral orc warrior completely misses you.
Nergalle hits you but does no damage.
You writhe in agony.
* * * LOW HITPOINT WARNING * * *
The spectral orc knight hits you with a +0 long sword.
You die...

......+ .... #....+.......#.
......# #....#.......#. ......##
.... #.####.......## ..†....#
#....###'# ......##### .......#
#.....#.<# ......#.... .......#
#.....#..# ......'.... .^.....#
#.....#..# ......#.... .......#
#..Z5ZoZ.# ......#.... .......#
#..ZZ@#..# ......#....
.......##+###..Z##..# ......#'###
...[........#..Z##..# ##........
............#...#...# #........
............#...'...# #........
............#...#...# #........
............#.......# #........
............#.##'##.# #........
............###...#######........


You could see Nergalle, a spectral orc, 5 spectral orc warriors, a spectral orc
knight and a friendly quasit.

Vanquished Creatures
  Erolcha (D:9)
  Grinder (D:3)
  2 hippogriffs (D:9)
  2 hogs (D:8)
  A wraith (D:10)
  A human (D:8)
  A steam dragon (D:9)
  2 hungry ghosts
  An insubstantial wisp (D:9)
  Duvessa (D:7)
  3 ice beasts
  An orc warrior (D:8)
  4 sky beasts
  An ogre (D:8)
  2 phantoms
  3 centaurs
  A big kobold (D:8)
  Blork the orc (D:4)
  A gnoll sergeant (D:7)
  A wyvern zombie (D:10)
  5 bullfrogs
  Dowan (D:7)
  2 scorpions (D:6)
  13 killer bees
  2 crimson imps
  5 hounds
  A jelly (D:10)
  A quasit (D:8)
  8 orc priests
  A gnoll shaman (D:9)
  A centaur skeleton (D:6)
  A bullfrog skeleton (D:6)
  Jessica (D:3)
  An iguana (D:10)
  10 orc wizards
  8 worker ants
  A hound skeleton (D:4)
  12 adders
  13 gnolls
  A howler monkey skeleton (D:8)
  2 shadow imps
  3 oozes
  An adder zombie (D:5)
  An adder skeleton (D:8)
  5 dart slugs
  A leopard gecko (D:6)
  26 orcs
  5 giant cockroaches
  10 hobgoblins
  11 jackals
  2 quokkas
  A ball python (D:1)
  8 bats
  5 frilled lizards
  4 goblins
  A jackal zombie (D:6)
  26 kobolds
  4 rats
235 creatures vanquished.

Vanquished Creatures (collateral kills)
  Sigmund (D:2)
  2 hogs (D:8)
  An insubstantial wisp (D:9)
  An orc warrior (D:6)
  2 sky beasts
  An ogre (D:5)
  2 centaurs
  A big kobold (D:7)
  2 bullfrogs
  4 killer bees
  A howler monkey (D:5)
  A jelly (D:6)
  An orc wizard (D:4)
  2 worker ants
22 creatures vanquished.

Vanquished Creatures (others)
  A jackal (D:2)
1 creature vanquished.

Grand Total: 258 creatures vanquished

Notes
Turn   | Place    | Note
-------+----------+-------------------------------------------
     0 | Abyss:1  | Emblim88 the Demonspawn Abyssal Knight began the quest for
                  | the Orb.
     0 | Abyss:1  | Reached XP level 1. HP: 18/18 MP: 2/2
    35 | Abyss:1  | Noticed a large abomination
    36 | D:1      | Escaped the Abyss
    54 | D:1      | Reached skill level 1 in Dodging
    63 | D:1      | Reached * piety under Lugonu
   106 | D:1      | Gained mutation: A weak demonic guardian rushes to your
                  | aid. [demonic ancestry]
   106 | D:1      | Reached XP level 2. HP: 7/24 MP: 4/4
   733 | D:1      | Reached skill level 3 in Invocations
   735 | D:1      | Gained mutation: You have large cloven feet. [demonic
                  | ancestry]
   735 | D:1      | Reached XP level 3. HP: 29/29 MP: 5/5
  1646 | D:2      | Noticed Sigmund
  1656 | D:2      | Killed Sigmund
  1656 | D:2      | Gained mutation: You have hoof-like feet. [demonic
                  | ancestry]
  1656 | D:2      | Reached XP level 4. HP: 32/36 MP: 6/6
  1656 | D:2      | Gained mutation: You are partially covered in slimy green
                  | scales. (AC +2) [demonic ancestry]
  1656 | D:2      | Reached XP level 5. HP: 37/41 MP: 7/7
  1709 | D:2      | Reached ** piety under Lugonu
  2113 | D:3      | Noticed a sky beast
  2138 | D:3      | Killed a sky beast
  2138 | D:3      | Reached skill level 4 in Invocations
  2395 | D:3      | Noticed Grinder
  2435 | D:3      | Killed Grinder
  2435 | D:3      | Reached XP level 6. HP: 7/48 MP: 9/9
  2727 | D:3      | Noticed Jessica
  2734 | D:3      | Killed Jessica
  3168 | D:4      | Noticed Blork the orc
  3181 | D:4      | Killed Blork the orc
  3358 | D:4      | Reached skill level 5 in Invocations
  3358 | D:4      | Gained mutation: You are mostly covered in slimy green
                  | scales. (AC +3) [demonic ancestry]
  3358 | D:4      | Reached XP level 7. HP: 31/55 MP: 10/10
  4140 | D:5      | Entered Level 5 of the Dungeon
  4540 | D:5      | Learned a level 2 spell: Throw Flame
  4719 | D:5      | Found a staircase to the Ecumenical Temple.
  4892 | D:5      | Gained mutation: You resist negative energy. (rN+) [demonic
                  | ancestry]
  4892 | D:5      | Reached XP level 8. HP: 58/61 MP: 12/12
  4904 | D:5      | Reached skill level 5 in Fighting
  4904 | D:5      | Reached skill level 1 in Spellcasting
  4904 | D:5      | Reached skill level 1 in Conjurations
  4992 | D:5      | Reached skill level 6 in Invocations
  5385 | D:6      | Found an iron altar of Okawaru.
  5543 | D:6      | Reached skill level 1 in Fire Magic
  5799 | D:6      | Reached *** piety under Lugonu
  6170 | D:6      | Reached skill level 1 in Evocations
  6521 | D:6      | Identified the Grimoire of the Entourage and Changing
  6523 | D:6      | Identified the Incunabulum of Boosting Flames
  6653 | D:6      | Learned a level 1 spell: Infusion
  6656 | D:6      | Learned a level 2 spell: Shroud of Golubria
  7377 | D:7      | Gained mutation: You are slightly more attuned to the
                  | shadows. [demonic ancestry]
  7377 | D:7      | Reached XP level 9. HP: 15/68 MP: 12/14
  7814 | D:7      | Learned a level 3 spell: Mephitic Cloud
  7834 | D:7      | Reached skill level 1 in Translocations
  7873 | D:7      | Reached skill level 1 in Charms
  7979 | D:7      | Reached skill level 7 in Invocations
  7989 | D:7      | Reached **** piety under Lugonu
  8264 | D:7      | Noticed Dowan
  8265 | D:7      | Noticed Duvessa
  8283 | D:7      | Reached skill level 1 in Shields
  8284 | D:7      | Killed Dowan
  8309 | D:7      | Killed Duvessa
  8359 | D:7      | Found Lubreb's General Store.
  8366 | D:7      | Bought a scarf of repulsion for 132 gold pieces
  8852 | D:7      | Reached skill level 5 in Axes
  8873 | D:7      | HP: 3/69 [poisoned by a gnoll sergeant]
  9654 | D:8      | Reached skill level 5 in Armour
  9947 | D:8      | Gained mutation: You are significantly more attuned to the
                  | shadows. [demonic ancestry]
  9947 | D:8      | Reached XP level 10. HP: 65/76 MP: 15/15
 11575 | D:9      | Found an iron altar of Okawaru.
 12147 | D:9      | Found a staircase to the Lair.
 12163 | D:9      | Reached skill level 5 in Dodging
 12823 | D:9      | Noticed Erolcha
 13706 | D:9      | Killed Erolcha
 13706 | D:9      | Reached skill level 8 in Invocations
 13832 | D:10     | Entered Level 10 of the Dungeon
 14545 | D:10     | Found a portal to a secret trove of treasure.
 14556 | D:10     | Noticed Nergalle
 14584 | D:10     | HP: 3/77 [Nergalle/+0 dagger of pain (3)]
 14587 | D:10     | Slain by a spectral orc knight

Levels and vault maps discovered:
D:1:      evilmike_arrival_crescent, layout_basic, minmay_quantized
D:2:      layout_basic, minmay_domino_2, uniq_sigmund
D:3:      layout_rooms, first_ration, uniq_jessica, uniq_grinder
D:4:      layout_rooms, uniq_blork_the_orc
D:5:      layout_cave_pools, temple_hall
D:6:      kennysheep_windowed_halls, layout_basic, old_standard_altar,
          kennysheep_opposing_triangles
D:7:      layout_basic, serial_shops, shop, uniq_duvessa
D:8:      layout_gridville, grunt_livestock
D:9:      layout_roguey, lair_entry_dummy, basic_altar, hangedman_misty_isle,
          uniq_erolcha
D:10:     layout_gridville, serial_shops, shop_statue, enter_trove_3,
          uniq_nergalle

Skill      XL: |  1  2  3  4  5  6  7  8  9 10 |
---------------+-------------------------------+-----
Dodging        | 1 2 3 4 5 |  5.3
Axes           | 2 3 4 5 |  5.6
Armour         | 2 3 4 5 |  5.4
Invocations    | 3 4 5 6 7 8 |  8.1
Fighting       | 4 5 6 |  6.6
Spellcasting   | 2 3 |  3.8
Conjurations   | 2 3 4 |  4.3
Fire Magic     | 2 3 |  3.8
Evocations     | 1 |  1.4
Translocations | 2 3 |  3.0
Charms         | 2 3 |  3.1
Shields        | 1 2 |  2.8

Action                   |  1- 3 |  4- 6 |  7- 9 | 10-12 || total
-------------------------+-------+-------+-------+-------++-------
Melee: Hand axe          |   117 |   120 |   515 |       ||   752
       Kick              |     6 |       |       |       ||     6
       War axe           |       |       |   137 |   437 ||   574
 Fire: Hunting sling     |       |       |    11 |       ||    11
Throw: Dart              |       |       |    12 |       ||    12
Invok: Depart the Abyss  |     1 |       |       |       ||     1
Evoke: Wand              |       |       |     3 |     3 ||     6
  Use: Scroll            |     4 |     2 |     7 |     5 ||    18
       Potion            |       |     3 |    10 |     5 ||    18
 Stab: Confused          |       |       |     7 |     3 ||    10
       Distracted        |       |       |     3 |     1 ||     4
       Sleeping          |       |       |       |     5 ||     5
  Eat: Ration            |     1 |     1 |     3 |     4 ||     9
       Chunk             |       |     1 |    14 |     6 ||    21
Armor: Leather armour    |    25 |       |       |       ||    25
       Ring mail         |    10 |    31 |       |       ||    41
       Scale mail        |       |    37 |   305 |   225 ||   567
       Steam dragon scal |       |       |       |    32 ||    32
Dodge: Dodged            |    88 |   104 |   538 |   363 ||  1093
       Deflected         |       |       |       |     3 ||     3
Block: Buckler           |       |       |    61 |   117 ||   178
